 Dungeon Crawl Stone Soup version 0.21-a0-516-gaaff437 (webtiles) character file.

3501 Gerstahl the Fighter (level 9, 0/78 HPs)
             Began as a Demonspawn Gladiator on Dec 3, 2017.
             Was an Initiate of Ashenzari.
             Slain by a wolf (3 damage)
             ... led by Grum
             ... on level 8 of the Dungeon on Dec 4, 2017.
             The game lasted 00:14:39 (7130 turns).

Gerstahl the Fighter (Demonspawn Gladiator)         Turns: 7130, Time: 00:14:39

Health: 0/78       AC:  7    Str: 25    XL:     9   Next: 80%
Magic:  19/19      EV:  2    Int: 14    God:    Ashenzari [......]
Gold:   478        SH:  0    Dex: 19    Spells: 8/8 levels left

rFire    x . .     SeeInvis .   D - +4 scythe of the Wraith {slice, *Contam MP+9 Str+9 Int+3} (curse)
rCold    + . .     Gourm    .   (shield currently unavailable)
rNeg     + + +     Faith    .   b - +0 leather armour
rPois    ∞         Spirit   .   (helmet restricted)
rElec    .         Reflect  +   r - +1 cloak
rCorr    .         Harm     .   (no gloves)
MR       .....                  (no boots)
Stlth    +++.......             v - +2 amulet of reflection
HPRegen  0.23/turn              e - ring of poison resistance
MPRegen  0.16/turn              p - ring of ice

@: petrified
A: horns 1, slimy green scales 1, clever 1, nightstalker 2, powered by death 1,
strong 1
a: Curse Item, Renounce Religion


You were on level 8 of the Dungeon.
You worshipped Ashenzari.
Ashenzari was noncommittal.
You were hungry.

You visited 2 branches of the dungeon, and saw 9 of its levels.

You collected 478 gold pieces.

Inventory:

Hand Weapons
 D - the cursed +4 scythe of the Wraith (weapon) {slice, *Contam MP+9 Str+9 Int+3}
   (You found it on level 6 of the Dungeon)

   It inflicts extra damage upon your enemies.
   It affects your strength (+9).
   It affects your intelligence (+3).
   It affects your magic capacity (+9).
   It causes magical contamination when unequipped.
   It has a curse placed upon it.
Missiles
 w - 3 throwing nets (quivered)
Armour
 b - a +0 leather armour (worn)
 r - a +1 cloak (worn)
Jewellery
 e - a ring of poison resistance (left hand)
 p - a ring of ice (right hand)
 v - a +2 amulet of reflection (around neck)
 K - the amulet of Kugumua {*Slow rF+ Regen+ SInv Stlth+}
   (You took it off an orc on level 7 of the Dungeon)

   [amulet of regeneration]

   It protects you from fire.
   It lets you see invisible.
   It increases your rate of regeneration.
   It may slow you when you take damage.
   It makes you more stealthy.
Wands
 d - a wand of flame (39)
 A - a wand of random effects (66)
Scrolls
 g - a scroll of remove curse
 k - 8 scrolls of identify
 n - 5 scrolls of teleportation
 B - a scroll of silence
 H - a scroll of amnesia
Potions
 h - 7 potions of curing
 t - 2 potions of might
 u - a potion of flight
Comestibles
 f - 6 bread rations
 l - a royal jelly
 G - 3 meat rations


   Skills:
 + Level 9.9 Fighting
 + Level 6.9(8.0) Polearms
   Level 6.2(7.6) Staves
 - Level 1.7 Throwing
 - Level 2.6 Dodging
 + Level 2.3 Evocations


You had 8 spell levels left.
You didn't know any spells.

Dungeon Overview and Level Annotations

Branches:
Dungeon (8/15)             Temple (1/1) D:7            Lair (0/6) D:8

Altars:
Ashenzari
Cheibriados
Dithmenos
Elyvilon
Fedhas
Gozag
Hepliaklqana
Kikubaaqudgha
Makhleb
Nemelex Xobeh
Okawaru
Qazlal
Ru
Sif Muna
Trog
Uskayaw
Vehumet
Wu Jian
Xom
Yredelemnul
Zin
The Shining One

Annotations:
D:8 Grum


Innate Abilities, Weirdness & Mutations

You have a pair of small horns on your head.
You are partially covered in slimy green scales. (AC +2)
You are significantly more attuned to the shadows.
You regenerate a little health from kills.
Your mind is acute. (Int +2)
Your muscles are strong. (Str +2)


Message History

You resist with some effort. The basilisk gazes at you.
You are slowing down.
Unknown command.
Unknown command.
Okay, then.
As you read the scroll of teleportation, it crumbles to dust.
You feel strangely unstable.
Your limbs are stiffening.
Your surroundings suddenly seem different.
You have turned to stone. 2 wolves come into view.
The wolf howls!
You hear an angry growl.
You hear a howl! x3; The wolf howls!
A wolf and Grum come into view.
The wolf bites you!
* * * LOW HITPOINT WARNING * * *
A wolf comes into view.
The wolf bites you but does no damage. The wolf bites you.
* * * LOW HITPOINT WARNING * * *
The wolf bites you.
You die...

## .#
..####.#
....h@.#
##..h###
...h.
....h
...g.
.....


You could see Grum and 4 wolves.

Vanquished Creatures
  A two-headed ogre (D:7)
  Grinder (D:3)
  Sigmund (D:6)
  2 wyverns (D:8)
  An acid dragon (D:8)
  Duvessa (D:6)
  An ogre (D:5)
  3 phantoms
  3 centaurs
  A crocodile (D:8)
  A gnoll sergeant (D:7)
  2 bullfrogs (D:6)
  Dowan (D:6)
  2 scorpions
  3 wights (D:7)
  The ghost of p0werm0de the Magician, a weakling DrWz of Ashenzari (D:4)
  A howler monkey (D:6)
  A crimson imp (D:7)
  A bullfrog zombie (D:7)
  2 hounds
  Crazy Yiuf (D:2)
  2 jellies (D:6)
  2 orc priests
  2 orc wizards
  A bullfrog skeleton (D:7)
  An iguana (D:6)
  Terence (D:2)
  Natasha (thrice) (D:3)
  5 worker ants
  A hound zombie (D:5)
  4 gnolls (D:7)
  4 adders
  2 shadow imps
  An adder skeleton (D:5)
  2 worms
  2 dart slugs (D:1)
  3 leopard geckos
  24 orcs
  7 bats
  5 giant cockroaches
  6 goblins
  7 hobgoblins
  9 jackals
  3 quokkas
  3 ball pythons
  5 frilled lizards
  A jackal skeleton (D:6)
  10 kobolds
  5 rats
  A fungus (D:2)
153 creatures vanquished.

Vanquished Creatures (others)
  A plant (D:4)
1 creature vanquished.

Grand Total: 154 creatures vanquished

Notes
Turn   | Place    | Note
-------+----------+-------------------------------------------
     0 | D:1      | Gerstahl the Demonspawn Gladiator began the quest for the Orb.
     0 | D:1      | Reached XP level 1. HP: 16/16 MP: 1/1
   271 | D:1      | Gained mutation: You have a pair of small horns on your head. [demonic ancestry]
   271 | D:1      | Reached XP level 2. HP: 23/23 MP: 2/2
   854 | D:2      | Gained mutation: You are slightly more attuned to the shadows. [demonic ancestry]
   854 | D:2      | Reached XP level 3. HP: 21/28 MP: 3/3
   887 | D:2      | Noticed Terence
   898 | D:2      | Killed Terence
   898 | D:2      | Reached skill level 3 in Fighting
  1479 | D:2      | Gained mutation: You are significantly more attuned to the shadows. [demonic ancestry]
  1479 | D:2      | Reached XP level 4. HP: 35/35 MP: 4/4
  1587 | D:2      | Found a runed door.
  1591 | D:2      | Noticed Crazy Yiuf
  1600 | D:2      | Killed Crazy Yiuf
  1668 | D:3      | Reached skill level 4 in Fighting
  1668 | D:3      | Reached XP level 5. HP: 42/42 MP: 5/5
  1855 | D:3      | Noticed Natasha
  1856 | D:3      | Killed Natasha
  2087 | D:3      | Noticed Natasha
  2094 | D:3      | Killed Natasha
  2094 | D:3      | Gained mutation: You regenerate a little health from kills. [demonic ancestry]
  2094 | D:3      | Reached XP level 6. HP: 48/49 MP: 6/6
  2165 | D:3      | Noticed Grinder
  2389 | D:3      | Paralysed by Grinder for 2 turns
  2394 | D:3      | Paralysed by Grinder for 5 turns
  2401 | D:3      | Killed Grinder
  2401 | D:3      | Reached skill level 5 in Fighting
  2401 | D:3      | Reached skill level 5 in Staves
  2441 | D:3      | Noticed Natasha
  2447 | D:3      | Killed Natasha
  2947 | D:3      | Found a bloodstained altar of Trog.
  3225 | D:4      | Noticed p0werm0de's ghost (weakling DrWz)
  3469 | D:4      | Gained mutation: You are partially covered in slimy green scales. (AC +2) [demonic ancestry]
  3469 | D:4      | Reached XP level 7. HP: 56/56 MP: 7/7
  3833 | D:4      | Killed p0werm0de's ghost
  3884 | D:5      | Entered Level 5 of the Dungeon
  3908 | D:5      | Found a hide-covered altar of Uskayaw.
  4298 | D:5      | Reached skill level 6 in Fighting
  4465 | D:5      | Found a shimmering altar of Xom.
  4691 | D:6      | Got a brightly glowing scythe
  4692 | D:6      | Identified the +4 scythe of the Wraith {slice, *Contam MP+9 Str+9 Int+3} (You found it on level 6 of the Dungeon)
  4764 | D:6      | Noticed Sigmund
  4767 | D:6      | Reached skill level 1 in Polearms
  4771 | D:6      | Killed Sigmund
  4771 | D:6      | Reached XP level 8. HP: 51/65 MP: 8/8
  4837 | D:6      | Reached skill level 7 in Fighting
  4853 | D:6      | Noticed Duvessa
  4853 | D:6      | Noticed Dowan
  4860 | D:6      | Killed Duvessa
  4864 | D:6      | Killed Dowan
  5455 | D:6      | Reached skill level 8 in Fighting
  5909 | D:7      | Noticed a two-headed ogre
  6214 | D:7      | Killed a two-headed ogre
  6214 | D:7      | Reached skill level 9 in Fighting
  6214 | D:7      | Reached skill level 5 in Polearms
  6214 | D:7      | Reached XP level 9. HP: 76/76 MP: 9/9
  6288 | D:7      | Got a steaming garnet amulet
  6607 | D:7      | Found a staircase to the Ecumenical Temple.
  6769 | Temple   | Entered the Ecumenical Temple
  6887 | Temple   | Became a worshipper of Ashenzari the Shackled
  6887 | Temple   | Identified the amulet of Kugumua {*Slow rF+ Regen+ SInv Stlth+} (You took it off an orc on level 7 of the Dungeon)
  6969 | D:7      | Gained mutation: Your muscles are strong. (Str +2) [potion of mutation]
  6969 | D:7      | Gained mutation: Your mind is acute. (Int +2) [potion of mutation]
  7036 | D:8      | Reached skill level 1 in Evocations
  7103 | D:8      | Found a staircase to the Lair.
  7117 | D:8      | HP: 1/78 [crocodile (6)]
  7128 | D:8      | Noticed Grum
  7130 | D:8      | HP: 3/78 [wolf[Grum] (3)]
  7130 | D:8      | Slain by a wolf

Vault maps used:
D:1:      matt_arrival_los_fun
D:2:      st_stairs_6, uniq_crazy_yiuf_cottage, uniq_terence
D:3:      trog_hazing_becter, uniq_grinder, uniq_natasha
D:4:      serial_forest, infiniplex_forest_straight_4,
          infiniplex_forest_lined_room_2, infiniplex_forest_straight_1,
          infiniplex_forest_lined_1, infiniplex_forest_clump_C,
          infiniplex_forest_clump_long, infiniplex_forest_3_way,
          infiniplex_forest_end_double, infiniplex_forest_lined_4_way,
          infiniplex_forest_lined_2
D:5:      lemuel_coloured_pillars_altar, basic_altar, first_bread,
          dk_noncrumbling_3
D:6:      uniq_sigmund, uniq_duvessa
D:7:      temple_green
D:8:      erik_lair_dragon, blue_anna_alchemist, uniq_grum
Temple:   kilobyte_greek_temple

Skill      XL: |  1  2  3  4  5  6  7  8  9 |
---------------+----------------------------+-----
Staves         | 3 4 5 6 |  6.2
Fighting       | 3 4 5 6 9 |  9.9
Polearms       | 2 5 6 |  6.9
Evocations     | 2 |  2.3
Throwing       | |  1.7
Dodging        | |  2.6

Action                   |  1- 3 |  4- 6 |  7- 9 || total
-------------------------+-------+-------+-------++-------
Melee: Quarterstaff      |    86 |   124 |    37 ||   247
       Headbutt          |     8 |    20 |    20 ||    48
       Scythe            |       |       |   114 ||   114
Throw: Throwing net      |       |     4 |       ||     4
Invok: Curse Item        |       |       |     1 ||     1
Evoke: Wand              |       |       |     2 ||     2
  Use: Potion            |       |       |     7 ||     7
       Scroll            |       |       |    12 ||    12
 Stab: Sleeping          |       |     4 |    17 ||    21
       Petrified         |       |     4 |       ||     4
       Distracted        |       |     2 |       ||     2
       Petrifying        |       |     1 |       ||     1
       Paralysed         |       |     1 |       ||     1
  Eat: Chunk             |       |     4 |     4 ||     8
       Royal jelly       |       |     1 |     2 ||     3
       Meat ration       |       |     1 |       ||     1
Armor: Leather armour    |    18 |    30 |    34 ||    82
Dodge: Dodged            |    67 |    84 |    89 ||   240

Table legend:
 A = Spawn XP
 B = Non-spawn XP
 C = Spawn XP percentage of total XP
 D = Spawn monster count
 E = Non-spawn monster count
 F = Spawn count percentage of total count
 G = Total turns spent on level
                    A         B        C        D         E        F      G
               +---------+---------+-------+---------+---------+-------+---------
         Total |       0 |    5002 |   0.0 |       0 |     152 |   0.0 |  7130
               +---------+---------+-------+---------+---------+-------+---------
           D:1 |       0 |      20 |   0.0 |       0 |      10 |   0.0 |   504
           D:2 |       0 |     119 |   0.0 |       0 |      19 |   0.0 |  1296
           D:3 |       0 |     590 |   0.0 |       0 |      55 |   0.0 |  1300
           D:4 |       0 |      89 |   0.0 |       0 |       3 |   0.0 |   784
           D:5 |       0 |     349 |   0.0 |       0 |      11 |   0.0 |   790
           D:6 |       0 |    1141 |   0.0 |       0 |      18 |   0.0 |  1041
           D:7 |       0 |    1888 |   0.0 |       0 |      23 |   0.0 |  1146
           D:8 |       0 |     806 |   0.0 |       0 |      13 |   0.0 |   104
               +---------+---------+-------+---------+---------+-------+---------
